 Dungeon Crawl Stone Soup version 0.29.1-12-g30fa7ad0bf (webtiles) character file.

Game seed: 8917482176700944309

595 Coaxmetal the Digger (level 7, -2/41 HPs)
             Began as a Gargoyle Earth Elementalist on Dec 17, 2022.
             Was an Initiate of Vehumet.
             Slain by a wyvern (7 damage)
             ... on level 6 of the Dungeon.
             The game lasted 00:08:17 (5661 turns).

Coaxmetal the Digger (Gargoyle Earth Elementalist)  Turns: 5661, Time: 00:08:18

Health: -2/41      AC:  9    Str: 12    XL:     7   Next: 40%
Magic:  7/12       EV: 12    Int: 17    God:    Vehumet [......]
Gold:   255        SH:  0    Dex: 10    Spells: 9/13 levels left

rFire   . . .      SeeInvis .   b - +0 sling
rCold   . . .      Faith    .   (no shield)
rNeg    + . .      Spirit   .   j - +0 leather armour
rPois   ∞          Reflect  .   (no helmet)
rElec   +          Harm     .   d - +0 cloak
rCorr   .          Rampage  .   (no gloves)
Will    .....                   (no boots)
Stlth   ++........              (no amulet)
HPRegen 0.13/turn               (no ring)
MPRegen 0.13/turn               (no ring)

@: no status effects
A: sickness immunity, AC +4, negative energy resistance 1, electricity
resistance, torment resistance 1, petrification resistance
a: Renounce Religion


You were on level 6 of the Dungeon.
You worshipped Vehumet.
Vehumet was noncommittal.
You visited 2 branches of the dungeon, and saw 8 of its levels.

You collected 255 gold pieces.

Inventory:

Hand Weapons
 a - a +4 whip
 b - a +0 sling (weapon)
Missiles
 c - a throwing net
 e - 38 stones
 r - 11 poisoned darts
Armour
 d - a +0 cloak (worn)
 j - a +0 leather armour (worn)
 k - a +0 robe
 t - the +1 ring mail of the Arcane {rPois rF- Dex+5 SInv}
   (You found it on level 3 of the Dungeon)

   Dex:       It affects your dexterity (+5).
   rF:        It makes you vulnerable to fire.
   rPois:     It protects you from poison.
   SInv:      It lets you see invisible.
Jewellery
 i - a ring of resist corrosion
 p - a ring of see invisible
 z - a +4 ring of evasion
 D - a ring of magical power
Wands
 C - a wand of digging (5)
Scrolls
 f - 4 scrolls of identify {unknown}
 h - a scroll of blinking {unknown}
 m - 3 scrolls of fear {unknown}
 q - a scroll of acquirement {unknown}
 s - 3 scrolls of poison {unknown}
 u - a scroll of enchant weapon {unknown}
 x - a scroll of teleportation {unknown}
 y - a scroll of vulnerability {unknown}
 A - 2 scrolls of amnesia {unknown}
 B - a scroll of summoning {unknown}
 E - 2 scrolls of fog {unknown}
Potions
 g - a potion of mutation {unknown}
 l - a potion of heal wounds {unknown}
 n - 3 potions of haste {unknown}
 o - a potion of degeneration {unknown}
 v - 3 potions of curing {unknown}
 w - 2 potions of magic
 F - a potion of brilliance {unknown}


   Skills:
 + Level 3.3 Fighting
 + Level 3.2 Armour
 * Level 3.2 Dodging
 - Level 2.1 Stealth
 + Level 3.5 Spellcasting
 + Level 1.7 Conjurations
 - Level 0.7 Transmutations
 + Level 5.3 Earth Magic


You had 9 spell levels left.
You knew the following spells:

 Your Spells              Type           Power      Damage    Failure   Level
a - Sandblast             Erth           42%        2d11      2%          1
b - Stone Arrow           Conj/Erth      30%        3d8       14%         3

Your spell library contained the following spells:

 Spells                   Type           Power      Damage    Failure   Level
 Passwall                 Tmut/Erth      10%        N/A       9%          2
 Static Discharge         Conj/Air       5%         3-4/arc   22%         2
 Dazzling Flash           Conj/Hex       10%        N/A       41%         3
 Petrify                  Tmut/Erth      13%        N/A       52%         4
 Sticky Flame             Conj/Fire      5%         2d3       83%         4
 Corpse Rot               Necr/Pois/Air  2%         N/A       91%         4
 Dispel Undead            Necr           2%         3d7       91%         4
 Agony                    Necr           2%         N/A       99%         5
 Silence                  Hex/Air        1%         N/A       99%         5
 Death Channel            Necr           1%         N/A       100%        6


Dungeon Overview and Level Annotations

Branches:
Dungeon (7/15)             Temple (1/1) D:5

Altars:
Ashenzari
Cheibriados
Elyvilon
Fedhas
Gozag
Hepliaklqana
Makhleb
Nemelex Xobeh
Okawaru
Ru
Vehumet
Yredelemnul
Zin

Shops:
D:1 *   D:2 [?*

Annotations:
D:3 2 transporters, croobank's ghost, amateur DsCj


Innate Abilities, Weirdness & Mutations

You are immune to sickness and miasma.
Your stone body is resilient. (AC +4)
You are immune to poison.
You resist negative energy. (rN+)
You are resistant to electric shocks. (rElec)
You are resistant to unholy torment.
You are immune to petrification.


Message History

There are monsters nearby!
You close the door.
An orc breaks down the door.
You shoot a sling bullet. The sling bullet barely misses the orc.
You hear an angry hiss.
You shoot a sling bullet.
The sling bullet barely misses the wyvern.
The sling bullet barely misses the orc.
Casting: Sandblast (safe; 2% risk of failure)
Confirm with . or Enter, or press ? or * to list all spells.
Aiming: Stone Arrow (dangerous; 14% risk of failure)
Press: ? - help, Shift-Dir - straight line, f/p - wyvern
Aim: a wyvern (68% to hit)
The stone arrow hits the wyvern.
The wyvern is lightly wounded.
The wyvern closely misses you.
Casting: Stone Arrow (dangerous; 14% risk of failure)
Confirm with . or Enter, or press ? or * to list all spells.
Aiming: Sandblast (safe; 2% risk of failure)
Press: ? - help, Shift-Dir - straight line, f/p - wyvern
Aim: a wyvern (lightly wounded, 83% to hit)
The blast of sand hits the wyvern!!
The wyvern is almost dead.
The wyvern bites you. The wyvern bites you!
Casting: Sandblast (safe; 2% risk of failure)
Confirm with . or Enter, or press ? or * to list all spells.
Aiming: Sandblast (safe; 2% risk of failure)
Press: ? - help, Shift-Dir - straight line, f/p - wyvern
Aim: a wyvern (almost dead, 83% to hit)
The blast of sand hits the wyvern but does no damage.
The wyvern is almost dead.
The wyvern barely misses you. The wyvern bites you. The wyvern bites you!
* * * LOW HITPOINT WARNING * * *
Press: ? - help, v - describe, . - travel
Here: a wyvern (almost dead)
The floor, spattered with blood.
The wyvern bites you.
* * * LOW HITPOINT WARNING * * *
The wyvern attacks as you move away! The wyvern bites you!
You die...

#...###.P......##......#
#....
##...###...#.....#......#
#....
#.........##.....#......#
#....
####.###.###.....#....###
###..
#...#...+.....#..### ###
###.#####.....#.## # #.#
#.....# .. #.# ###.### .#
#.# #@#### .#
#.#######.loW# .#
#.........##.'...# .#
#.#####.#.####..[# .#
#.........# ...# .#####
#.#####.### .... >....#
#.# #. ..o.W ####.# #.# #
.... #.# #.# ##..


You could see a wyvern, a phantom and an orc.

Vanquished Creatures
  An ogre (D:5)
  A phantom (D:4)
  A bullfrog (D:6)
  A scorpion (D:5)
  A howler monkey (D:5)
  A hound (D:5)
  A jelly (D:6)
  An orc wizard (D:3)
  2 iguanas
  5 adders
  5 worms
  2 dart slugs (D:1)
  4 orcs
  3 ball pythons
  3 bats
  6 endoplasms
  4 giant cockroaches
  4 goblins
  3 hobgoblins
  7 kobolds
  5 quokkas
  5 frilled lizards
  8 rats
74 creatures vanquished.

Notes
Turn   | Place    | Note
-------+----------+-------------------------------------------
     0 | D:1      | Coaxmetal the Gargoyle Earth Elementalist began the quest
                  | for the Orb.
     0 | D:1      | Reached XP level 1. HP: 10/10 MP: 3/3
   222 | D:1      | Reached XP level 2. HP: 16/16 MP: 3/5
   656 | D:1      | Found Kepewam's Assorted Antiques.
   695 | D:1      | Reached skill level 1 in Fighting
   735 | D:1      | Reached skill level 1 in Armour
   857 | D:1      | Reached XP level 3. HP: 20/20 MP: 3/6
   933 | D:1      | Reached skill level 4 in Earth Magic
  1293 | D:2      | Found Reosoiki's Assorted Antiques.
  1308 | D:2      | Found Kahyath's Magic Scroll Boutique.
  1828 | D:2      | Found Zetwiplo's Antique Armour Shoppe.
  1944 | D:3      | Identified the +1 ring mail of the Arcane {rPois rF- Dex+5
                  | SInv}
  1981 | D:3      | Reached XP level 4. HP: 25/25 MP: 3/7
  2249 | D:3      | Found a blossoming altar of Fedhas.
  2300 | D:3      | Found a burning altar of Makhleb.
  2411 | D:3      | Found a transporter.
  2506 | D:3      | Found a faded altar of an unknown god.
  2535 | D:3      | Noticed croobank's ghost (amateur DsCj)
  2537 | D:3      | Found a transporter.
  2764 | D:4      | You fall into a shaft and drop 3 floors!
  2808 | D:6      | Found a hazy altar of Hepliaklqana.
  2906 | D:6      | Reached XP level 5. HP: 30/30 MP: 5/9
  2991 | D:5      | Entered Level 5 of the Dungeon
  2993 | D:5      | Noticed an ogre
  3347 | D:5      | Reached XP level 6. HP: 34/36 MP: 4/10
  3626 | D:5      | Learned a level 3 spell: Stone Arrow
  3783 | D:5      | Found a staircase to the Ecumenical Temple.
  3856 | Temple   | Entered the Ecumenical Temple
  3951 | Temple   | Became a worshipper of Vehumet
  4107 | D:5      | Reached skill level 1 in Conjurations
  4107 | D:5      | Reached skill level 5 in Earth Magic
  4685 | D:4      | Reached XP level 7. HP: 38/41 MP: 3/12
  5080 | D:4      | Found a glowing silver altar of Zin.
  5650 | D:6      | Noticed a wyvern
  5661 | D:6      | Slain by a wyvern

Illustrated notes

Levels and vault maps discovered:
D:1:      ncdulo_halloftheorcs, layout_basic, serial_shops,
          nicolae_shop_overgrown_old_shop
D:2:      layout_basic, serial_shops, nicolae_square_shop, shop, shop
D:3:      layout_basic, lemuel_tele_altar, old_standard_altar,
          shapermc_ecumenical_altar_acropolis, gammafunk_ghost_mausoleum,
          fountainhead
D:4:      layout_basic, zin_statuary, roderic_nine_men_s_morris
D:5:      layout_gridville, temple_hall, serial_bayou_pond_d, nicolae_wormholes
D:6:      layout_basic, nicolae_hepliaklqana_hazy_memory, grunt_potential,
          uniq_maggie
D:7:      minmay_general_purpose_star, layout_gridville, led_sif_pool,
          lemuel_crystal_altar, serial_shops, shop
Temple:   hellmonk_temple_flake

Skill      XL: |  1  2  3  4  5  6 |
---------------+-------------------+-----
Fighting       | 1 2 3 |  3.3
Armour         | 1 2 3 |  3.2
Earth Magic    | 4 5 |  5.3
Dodging        | 2 3 |  3.2
Spellcasting   | 3 |  3.5
Conjurations   | 1 |  1.7
Stealth        | |  2.1
Transmutations | |  0.7

Action                   |  1- 3 |  4- 6 |  7- 9 || total
-------------------------+-------+-------+-------++-------
Melee: Dagger            |     7 |       |       ||     7
       Mace              |     3 |     2 |       ||     5
 Fire: Sling             |       |    16 |    16 ||    32
Throw: Stone             |     8 |     7 |       ||    15
       Throwing net      |       |     1 |       ||     1
 Cast: Sandblast         |    43 |    77 |    14 ||   134
       Stone Arrow       |       |       |     1 ||     1
Armor: Robe              |     5 |       |       ||     5
       Leather armour    |     3 |    20 |     4 ||    27
Dodge: Dodged            |    11 |    33 |     5 ||    49
